 Dungeon Crawl Stone Soup version 0.19-a0-1738-gbb2db12 (webtiles) character file.

17089 Naow the Severer (level 12, -5/178 HPs)
             Began as a Minotaur Berserker on Oct 1, 2016.
             Was an Elder of Trog.
             Slain by a blink frog (13 damage)
             ... on level 4 of the Lair of Beasts.
             The game lasted 00:26:06 (12399 turns).

Naow the Severer (Minotaur Berserker)              Turns: 12399, Time: 00:26:06

Health: -5/178     AC: 14    Str: 27    XL:     12   Next: 15%
Magic:  11/11      EV:  6    Int:  8    God:    Trog [****..]
Gold:   773        SH:  8    Dex: 11    Spells: 0 memorised, 11 levels left

rFire  + . .     SeeInvis .     Q - +3 war axe (elec)
rCold  . . .     Gourm    .     t - +2 chain mail {rF+}
rNeg   . . .     Faith    .     L - +0 shield
rPois  +         Spirit   .     (helmet restricted)
rElec  .         Dismiss  .     (no cloak)
rCorr  .         Reflect  .     (no gloves)
MR     ++...     Harm     .     C - +0 pair of boots
Stlth  ..........               K - amulet of regeneration
                                z - ring of flight
                                u - ring of poison resistance

@: berserking, lethally poisoned (-5 -> -5), frozen, regenerating, quick
A: retaliatory headbutt, horns 2
a: Berserk, Trog's Hand, Brothers in Arms, Burn Spellbooks, Renounce Religion,
Evoke Flight


You were on level 4 of the Lair of Beasts.
You worshipped Trog.
Trog was greatly pleased with you.
You were not hungry.

You visited 2 branches of the dungeon, and saw 14 of its levels.

You collected 885 gold pieces.
You spent 112 gold pieces at shops.

Inventory:

Hand Weapons
 a - a +0 hand axe
 J - a +0 hand axe of draining
 Q - a +3 war axe of electrocution (weapon)
Armour
 b - a +0 animal skin
 o - a +0 ring mail
 t - a +2 chain mail of fire resistance (worn)
 C - a +0 pair of boots (worn)
 L - a +0 shield (worn)
 N - a +0 plate armour
Jewellery
 g - an uncursed ring of positive energy {unknown}
 m - a +3 ring of protection {unknown}
 p - an uncursed ring of wizardry {unknown}
 u - a ring of poison resistance (left hand)
 z - a ring of flight (right hand)
 K - an amulet of regeneration (around neck)
Wands
 n - a wand of teleportation (9/9)
 v - a wand of teleportation (2/9)
 w - a wand of digging (5/24)
 A - a wand of lightning (10/15)
Scrolls
 d - 17 scrolls of identify
 e - 6 scrolls of amnesia
 r - a scroll of fog {unknown}
 s - a scroll of magic mapping
 y - 3 scrolls of teleportation
 B - a scroll of blinking
 G - 3 scrolls of remove curse
Potions
 h - a potion of cancellation
 i - 6 potions of heal wounds
 k - 3 potions of berserk rage
 l - 7 potions of curing
 q - 4 potions of might
 x - 2 potions of haste
 E - 4 potions of agility
 P - 3 potions of flight
Books
 F - a book of Spatial Translocations

   Spells                             Type                      Level
   a - Apportation                    Translocation                1
   b - Blink                          Translocation                2
   c - Shroud of Golubria             Charms/Translocation         2
   d - Portal Projectile              Translocation                3
   e - Teleport Other                 Translocation                3
   f - Passage of Golubria            Translocation                4
   Trog disapproves of the use of such an item.
Comestibles
 c - 10 bread rations
 f - a meat ration
 j - 16 fruits
 D - 3 chunks of flesh


   Skills:
 - Level 15.1 Fighting
 - Level 16.1 Axes
 + Level 7.7 Armour
 - Level 2.1 Dodging


You had 11 spell levels left.
You didn't know any spells.

Dungeon Overview and Level Annotations

Branches:
Dungeon (10/15)            Temple (0/1) D:4            Lair (4/6) D:10
 Spider (0/4) Lair:2          Orc (0/2) D:10
  Swamp: Lair:2-4    Shoals: Lair:2-4

Altars:
Ashenzari
Cheibriados
Fedhas
Kikubaaqudgha
Makhleb
Okawaru
Qazlal
Ru
Uskayaw
Yredelemnul

Shops:
D:10 (


Innate Abilities, Weirdness & Mutations

You reflexively headbutt those who attack you in melee.
You have a pair of horns on your head.


Message History

* * * LOW HITPOINT WARNING * * *
You slice the rime drake!!
There is a sudden explosion of sparks!
You kill the rime drake!
Trog accepts your kill.
You miss the blink frog. x2; You hit the rime drake.
There is a sudden explosion of sparks!
You kill the rime drake!
Trog accepts your kill. The blink frog hits you!
* * * LOW HITPOINT WARNING * * *
The blink frog hits you!
* * * LOW HITPOINT WARNING * * *
The blink frog blinks!
The blink frog hits you!
* * * LOW HITPOINT WARNING * * *
You see here a blink frog corpse.
You closely miss the blink frog. Your headbutt misses the blink frog.
The blink frog is lightly wounded.
The blink frog hits you!
You die...

###..###.#
##.........
#..........
..........
#.........
#.........
#.........
##.@FF.....
#.......... ###
##.........
##.#######.........≈
#......|.........≈#.
##P...[....##..#≈#≈.
#.......
##P........####.#≈..
#≈.....#
#P..........# #≈....
#≈......
##.........## #.....
#≈.....#


You could see 2 blink frogs.

Vanquished Creatures
  An orb spider (Lair:2)
  A deep elf mage (D:10)
  A black mamba (Lair:3)
  3 spiny frogs
  2 rime drakes (Lair:4)
  An efreet (D:10)
  4 komodo dragons
  A troll (D:10)
  Grinder (D:5)
  3 blink frogs
  4 hippogriffs
  A wyvern (Lair:2)
  A vampire (D:9)
  12 yaks
  Eustachio (D:6)
  A shadow (D:10)
  2 steam dragons (D:7)
  A hungry ghost (D:9)
  Menkaure (D:5)
  8 water moccasins
  5 porcupines
  4 orc warriors
  4 sky beasts
  A phantom (D:4)
  A black bear (Lair:2)
  4 ice beasts
  4 centaurs
  8 ogres
  4 wolves (Lair:3)
  8 crocodiles
  A big kobold (D:10)
  7 bullfrogs
  2 wyvern zombies
  A water moccasin skeleton (D:9)
  5 scorpions
  3 killer bees (D:10)
  4 howler monkeys
  2 crimson imps
  A bullfrog zombie (D:8)
  2 quasits
  3 jellies
  2 bullfrog skeletons
  4 orc priests
  A centaur skeleton (D:7)
  3 hounds
  12 orc wizards
  8 iguanas
  5 worker ants
  A hound zombie (D:4)
  The ghost of vetinari the Chopper, a weakling VSMo (D:4)
  2 hound skeletons
  15 adders
  4 gnolls
  A howler monkey skeleton (D:5)
  18 river rats
  2 shadow imps
  2 oozes
  3 worms
  A dart slug (D:3)
  8 leopard geckos
  45 orcs
  7 bats
  7 giant cockroaches
  7 hobgoblins
  2 jackals (D:1)
  13 kobolds
  7 quokkas
  9 frilled lizards
  4 goblins
  A leopard gecko skeleton (D:5)
  5 rats
  2 butterflies (Lair:1)
  3 fungi
  A plant (Lair:3)
330 creatures vanquished.

Vanquished Creatures (collateral kills)
  2 hydras
  4 orc warriors (D:10)
  2 big kobolds (D:10)
  3 gnoll sergeants (D:10)
  2 gnolls (D:10)
  3 orcs (D:10)
16 creatures vanquished.

Vanquished Creatures (others)
  3 fungi
  2 plants (D:10)
5 creatures vanquished.

Grand Total: 351 creatures vanquished

Notes
Turn   | Place    | Note
-------+----------+-------------------------------------------
     0 | D:1      | Naow the Minotaur Berserker began the quest for the Orb.
     0 | D:1      | Reached XP level 1. HP: 19/19 MP: 0/0
   115 | D:1      | Reached skill level 4 in Axes
   509 | D:1      | Reached XP level 2. HP: 17/26 MP: 1/1
   865 | D:1      | Reached skill level 5 in Axes
   892 | D:1      | Reached XP level 3. HP: 25/31 MP: 2/2
  1144 | D:1      | Reached ** piety under Trog
  1247 | D:2      | Found a faded altar of an unknown god.
  1527 | D:2      | Found a snail-covered altar of Cheibriados.
  1739 | D:3      | Found an iron altar of Okawaru.
  1742 | D:3      | Reached XP level 4. HP: 39/39 MP: 3/3
  1860 | D:3      | Reached skill level 6 in Axes
  1938 | D:3      | Found a stormy altar of Qazlal.
  2129 | D:3      | Found a basalt altar of Yredelemnul.
  2328 | D:3      | Found a sacrificial altar of Ru.
  2329 | D:3      | Found an ancient bone altar of Kikubaaqudgha.
  2397 | D:4      | Reached skill level 7 in Axes
  2397 | D:4      | Reached XP level 5. HP: 35/45 MP: 4/4
  2451 | D:4      | Reached *** piety under Trog
  2500 | D:4      | Found a staircase to the Ecumenical Temple.
  2501 | D:4      | Noticed a phantom
  2526 | D:4      | Killed a phantom
  2526 | D:4      | Reached skill level 8 in Axes
  2526 | D:4      | Reached XP level 6. HP: 39/51 MP: 5/5
  2606 | D:4      | Noticed vetinari's ghost (weakling VSMo)
  2613 | D:4      | Killed vetinari's ghost
  2903 | D:4      | Found a blossoming altar of Fedhas.
  3284 | D:5      | Entered Level 5 of the Dungeon
  3284 | D:5      | Noticed Grinder
  3292 | D:5      | Killed Grinder
  3292 | D:5      | Reached skill level 9 in Axes
  3292 | D:5      | Reached XP level 7. HP: 57/57 MP: 6/6
  3328 | D:5      | Reached skill level 10 in Axes
  3671 | D:5      | Noticed Menkaure
  3679 | D:5      | Killed Menkaure
  4060 | D:5      | Reached skill level 11 in Axes
  4312 | D:5      | Found a hide-covered altar of Uskayaw.
  4597 | D:6      | Noticed Eustachio
  4607 | D:6      | Killed Eustachio
  4607 | D:6      | Reached XP level 8. HP: 64/64 MP: 7/7
  4668 | D:6      | Reached skill level 12 in Axes
  5103 | D:6      | Reached skill level 13 in Axes
  5128 | D:6      | Found a burning altar of Makhleb.
  5521 | D:7      | Reached XP level 9. HP: 50/70 MP: 8/8
  5568 | D:7      | Reached skill level 14 in Axes
  5960 | D:7      | Reached **** piety under Trog
  6031 | D:7      | Reached skill level 15 in Axes
  6297 | D:8      | Found a shattered altar of Ashenzari.
  7008 | D:9      | Reached skill level 16 in Axes
  7335 | D:9      | Reached XP level 10. HP: 66/80 MP: 9/9
  7396 | D:9      | Reached skill level 5 in Fighting
  7589 | D:10     | Entered Level 10 of the Dungeon
  8011 | D:10     | Reached ***** piety under Trog
  8088 | D:10     | Found a staircase to the Lair.
  8142 | D:10     | Reached skill level 10 in Fighting
  8881 | D:10     | Found a staircase to the Orcish Mines.
  8910 | D:10     | Reached XP level 11. HP: 44/104 MP: 10/10
  9275 | D:10     | Found Jameveco's Antique Weapon Shop.
  9278 | D:10     | Bought a runed war axe for 112 gold pieces
  9361 | D:10     | Noticed a deep elf mage
  9368 | D:10     | Killed a deep elf mage
  9422 | Lair:1   | Entered Level 1 of the Lair of Beasts
  9836 | Lair:1   | Received a gift from Trog
  9900 | Lair:1   | Noticed a six-headed hydra
  9910 | Lair:1   | Killed an eight-headed hydra
 10314 | Lair:2   | Found a hole to the Spider Nest.
 10314 | Lair:2   | Noticed an orb spider
 10335 | Lair:2   | Killed an orb spider
 10744 | Lair:2   | Noticed a seven-headed hydra
 10749 | Lair:2   | Killed an eight-headed hydra
 10749 | Lair:2   | Reached skill level 15 in Fighting
 11726 | Lair:3   | Reached skill level 5 in Armour
 11775 | Lair:3   | Reached XP level 12. HP: 103/119 MP: 11/11
 12398 | Lair:4   | HP: 7/178 [blink frog (14)]
 12399 | Lair:4   | Slain by a blink frog

Vault maps used:
D:1:      lemuel_arrival_funnel, moated_statue
D:2:      nicolae_overflow_crystal_walls, first_bread, ecumenical_altar_1
D:3:      gammafunk_temple_overflow_pools, grunt_qazlal_clouds,
          yredelemnul_altar_generic, okawaru_ov_weapons_minmay
D:4:      fedhas_altar_3
D:5:      lemuel_doored_altar, uniq_grinder, uniq_menkaure
D:6:      makhleb_grotto_becter, uniq_eustachio
D:7:      kennysheep_steamy
D:8:      ashenzari_conservatory_becter
D:10:     cheibrodos_two_vegetables, dpeg_lair_monsters,
          kennysheep_orc_monster_closet_entryway, serial_shops, kennysheep_mini,
          grunt_ogre_cave
Lair:1:   lemuel_fruit_fields, grunt_megastairs_2
Lair:2:   nicolae_spider_entry_orb_guardian
Lair:4:   nicolae_swamp_entry_splash_gauntlet, portal_ice_cave_rime,
          lemuel_fruit_tree

Skill      XL: |  1  2  3  4  5  6  7  8  9 10 11 12 |
---------------+-------------------------------------+-----
Axes           | 4 5 7 8 9 11 13 16 | 16.1
Fighting       | 4 11 15 | 15.1
Armour         | 5 7 |  7.7
Dodging        | |  2.1

Action                   |  1- 3 |  4- 6 |  7- 9 | 10-12 || total
-------------------------+-------+-------+-------+-------++-------
Melee: Hand axe          |    99 |   104 |   394 |   255 ||   852
       Headbutt          |    16 |    15 |    69 |    69 ||   169
       War axe           |       |       |       |   184 ||   184
Invok: Berserk           |       |     2 |     7 |     5 ||    14
       Trog's Hand       |       |     1 |     5 |     6 ||    12
       Brothers in Arms  |       |       |       |     5 ||     5
  Use: Scroll            |       |       |       |    23 ||    23
  Eat: Chunk             |     3 |     6 |    18 |    22 ||    49
       Beef jerky        |       |       |     2 |       ||     2
       Royal jelly       |       |       |     1 |       ||     1
       Meat ration       |       |       |       |     1 ||     1
Armor: Animal skin       |    12 |       |       |       ||    12
       Ring mail         |    12 |    27 |    59 |       ||    98
       Plate armour      |       |       |    51 |   103 ||   154
       Chain mail        |       |       |       |    67 ||    67
Dodge: Dodged            |    75 |    50 |   106 |    76 ||   307
Block: Shield            |       |       |    35 |   142 ||   177
